 Dungeon Crawl Stone Soup version 0.13-b1-45-g38f3f9b (webtiles) character file.

379 Lilouch the Covered (level 5, -4/42 HPs)
             Began as a Mummy Fighter on Oct 9, 2013.
             Splashed by a jelly's acid (9 damage)
             ... on Level 4 of the Dungeon.
             The game lasted 00:37:48 (31655 turns).

Lilouch the Covered (Mummy Fighter)                Turns: 31655, Time: 00:37:48

HP  -4/42        AC  9     Str 20      XL: 5   Next: 52%
MP   4/4         EV  6     Int  7      God:
Gold 174         SH 17     Dex 11      Spells:  0 memorised,  4 levels left

Res.Fire  : x . .   See Invis. : .   a - +0 falchion
Res.Cold  : + . .   Warding    : .   b - -1 scale mail
Life Prot.: + + +   Conserve   : .   c - -1 shield
Res.Poison: +       Res.Corr.  : .   l - +1 dwarf helmet
Res.Elec. : .       Clarity    : .   (no cloak)
Sust.Abil.: . .     Spirit.Shd : .   (no gloves)
Res.Mut.  : .       Stasis     : .   C - +0 pair of boots
Res.Rott. : +       Flight     : .   (no amulet)
Saprovore : . . .                    (no ring)
                                     (no ring)

@: slightly resistant to hostile enchantments, extremely unstealthy
A: no food or potions, fire vulnerability, restore body, cold resistance 1, life
protection 3, poison resistance, torment resistance, unbreathing
a: no special abilities


You were on level 4 of the Dungeon.
You were not hungry.

You visited 1 branch of the dungeon, and saw 4 of its levels.

You collected 154 gold pieces.

Inventory:

Hand weapons
 a - a +0,+0 falchion (weapon)
 m - a +0,+0 spear
 w - a cursed -2,-2 sling
 z - a +0 blowgun
Missiles
 k - 37 darts (quivered)
 p - 55 stones
 q - 24 poisoned needles
 t - 4 darts of dispersal
Armour
 b - a -1 scale mail (worn)
 c - a -1 shield (worn)
 l - a +1 dwarven helmet (worn)
 C - a +0 pair of boots (worn)
Comestibles
 d - 2 pears
 g - 2 bread rations
 v - 2 meat rations
Scrolls
 i - 8 scrolls of remove curse {unknown}
 j - 2 scrolls of identify {unknown}
 n - a scroll of amnesia {unknown}
 r - a scroll of enchant weapon I {unknown}
 s - 2 scrolls of fog {unknown}
 y - a scroll of blinking {unknown}
 A - a scroll of noise {unknown}
 B - a scroll of curse armour {unknown}
 E - a scroll of curse weapon {unknown}
Jewellery
 o - an uncursed ring of flight {unknown}
 u - an uncursed amulet of stasis {unknown}
Potions
 e - 2 potions of flight {unknown}
 f - a potion of agility {unknown}
 h - 2 potions of restore abilities {unknown}
 x - a potion of curing {unknown}
 D - 2 potions of berserk rage {unknown}


   Skills:
 - Level 3.5 Fighting
 * Level 2.6 Long Blades
 + Level 3.6 Armour
 - Level 0.5 Dodging
 - Level 1.0 Stealth
 + Level 3.1 Shields


You had 4 spell levels left.
You didn't know any spells.

Dungeon Overview and Level Annotations

Branches:
Dungeon (4/27)
 Temple: D:4-7

Altars:
Xom
Zin


Innate Abilities, Weirdness & Mutations

You do not eat or drink.
Your flesh is vulnerable to fire.
Your flesh is cold resistant.
You are immune to negative energy.
Your system is resistant to poisons.
You are immune to unholy pain and torment.
You can survive without breathing.


Message History

You block the worker ant's attack.
You hit the worker ant but do no damage.
You block the jelly's attack. The worker ant barely misses you.
The jelly hits you but does no damage.
You hit the worker ant but do no damage.
You block the worker ant's attack. The worker ant bites you.
* * * LOW HITPOINT WARNING * * *
The jelly hits you but does no damage.
You closely miss the worker ant. The worker ant barely misses you.
The jelly closely misses you.
The worker ant bites you but does no damage.
The jelly hits you but does no damage. The jelly barely misses you.
A bat comes into view.
You block the worker ant's attack.
You miss the bat. You block the bat's attack. The jelly hits you.
* * * LOW HITPOINT WARNING * * *
You are splashed with acid!
The acid corrodes your +0 scale mail!
The acid burns!
You die...

#..........
#...........
#............
#.............
#..............
#..............
#.........%....
#..)..J.b.......
#..<.[a@........
#...............
#..............
#..............
###############


You could see a jelly, a worker ant and a bat.

Vanquished Creatures
  A jelly (D:2)
  An orc priest (D:3)
  5 adders (D:2)
  A giant mite (D:2)
  3 giant geckos
  An ooze (D:1)
  9 orcs
  10 bats
  A bat skeleton (D:4)
  2 giant cockroaches (D:2)
  7 hobgoblins
  4 jackals (D:2)
  11 kobolds
  A quokka (D:2)
  2 ball pythons
  5 giant newts
  9 goblins
  6 rats
  A ballistomycete (D:1)
80 creatures vanquished.

Vanquished Creatures (others)
  An adder (D:3)
  A kobold (D:3)
  16 giant spores (D:1)
  18 ballistomycetes (D:1)
  2 plants (D:1)
38 creatures vanquished.

Grand Total: 118 creatures vanquished

Notes
Turn   | Place    | Note
--------------------------------------------------------------
     0 | D:1      | Lilouch, the Mummy Fighter, began the quest for the Orb.
     0 | D:1      | Reached XP level 1. HP: 18/18 MP: 0/0
   571 | D:1      | Reached XP level 2. HP: 22/24 MP: 1/1
  5131 | D:1      | Reached XP level 3. HP: 18/30 MP: 2/2
 15232 | D:1      | Noticed an orc knight
 15233 | D:1      | Noticed a troll
 15235 | D:1      | Noticed an orc warrior
 15238 | D:1      | Noticed an orc warrior
 17132 | D:1      | Noticed a hill giant
 17917 | D:2      | Reached XP level 4. HP: 36/36 MP: 3/3
 17984 | D:3      | Found a shimmering altar of Xom.
 17984 | D:3      | Noticed an angel
 20342 | D:2      | Noticed an ogre
 20518 | D:2      | Reached skill level 1 in Stealth
 25760 | D:2      | Reached XP level 5. HP: 42/42 MP: 4/4
 31316 | D:2      | Noticed a centaur warrior
 31451 | D:3      | Found a glowing silver altar of Zin.
 31655 | D:4      | Splashed by a jelly's acid

Action                   |  1- 3 |  4- 6 || total
-------------------------+-------+-------++-------
Melee: Falchion          |   189 |   185 ||   374
